 Dungeon Crawl Stone Soup version 0.18.1-5-g4a78601 (webtiles) character file.

173 mopl the Sneak (level 5, -1/31 HPs)
             Began as a High Elf Enchanter on May 12, 2016.
             Slain by a rat (2 damage)
             ... on level 3 of the Dungeon.
             The game lasted 00:04:14 (3188 turns).

mopl the Sneak (High Elf Enchanter)                 Turns: 3188, Time: 00:04:15

Health: -1/31      AC:  3    Str:  7    XL:     5   Next: 28%
Magic:  7/10       EV: 13    Int: 19    God:
Gold:   132        SH:  0    Dex: 16    Spells: 4 memorised, 1 level left

rFire  . . .     SeeInvis .     a - +1 dagger
rCold  + . .     Gourm    .     b - +1 robe
rNeg   . . .     Faith    .     (no shield)
rPois  .         Spirit   .     (no helmet)
rElec  .         Dismiss  .     (no cloak)
rCorr  .         Reflect  .     (no gloves)
SustAt .         Harm     .     (no boots)
MR     .....                    (no amulet)
Stlth  +++.......               o - ring of protection from cold
                                k - ring of wizardry

@: slowed, very slow, not resistant to hostile enchantments, fairly stealthy
A: no striking features
a: no special abilities


You were on level 3 of the Dungeon.
You were not hungry.

You visited 1 branch of the dungeon, and saw 3 of its levels.

You collected 132 gold pieces.

Inventory:

Hand Weapons
 a - a +1 dagger (weapon)
Missiles
 r - 8 poisoned javelins (quivered)
Armour
 b - a +1 robe (worn)
Jewellery
 k - a ring of wizardry (left hand)
 o - a ring of protection from cold (right hand)
 q - an uncursed ring of sustain attributes
Scrolls
 e - a scroll of random uselessness {unknown}
 f - a scroll of identify {unknown}
 i - a scroll of fear {unknown}
 n - a scroll of amnesia {unknown}
 s - a scroll of remove curse {unknown}
 t - a scroll of blinking {unknown}
Potions
 h - a potion of might {unknown}
 l - 2 potions of resistance {unknown}
 m - a potion of haste
 p - a potion of brilliance {unknown}
Books
 c - a book of Maledictions

   Spells                             Type                      Level
   a - Corona                         Hexes                        1
   b - Ensorcelled Hibernation        Hexes/Ice                    2
   c - Confuse                        Hexes                        3
   d - Tukima's Dance                 Hexes                        3
   e - Dazzling Spray                 Conjuration/Hexes            3
Comestibles
 d - 5 bread rations
 g - a beef jerky
 j - 4 meat rations


   Skills:
 + Level 2.0 Short Blades
 + Level 0.6 Throwing
 - Level 2.1 Dodging
 * Level 5.1 Stealth
 + Level 3.3 Spellcasting
 * Level 3.9 Hexes
 + Level 1.2 Ice Magic


You had one spell level left.
You knew the following spells:

 Your Spells              Type           Power        Failure   Level  Hunger
a - Corona                Hex            ###....      1%          1    None
b - Ensorcelled Hibernat  Hex/Ice        ##....       4%          2    ##.....
c - Confuse               Hex            ###.....     4%          3    ###....
d - Tukima's Dance        Hex            ###.....     4%          3    ###....


Dungeon Overview and Level Annotations

Branches:
Dungeon (3/15)

Altars:

Annotations:
D:3 Natasha


Message History

Natasha claws you! The rat completely misses you.
Natasha mumbles some strange words.
Natasha shimmers violently.
Natasha mumbles some strange words.
You feel disoriented. Natasha claws you!
* * * LOW HITPOINT WARNING * * *
The hobgoblin closely misses you.
Natasha growls.
Natasha casts a spell.
There is a stone staircase leading up, spattered with blood here.
Casting: Ensorcelled Hibernation
Confirm with . or Enter, or press ? or * to list all spells.
Aiming: Confuse
Press: ? - help, Shift-Dir - straight line, f - Natasha
Aim: Natasha (fast, chance to defeat MR: 49%) Natasha appears confused.
Natasha claws you.
* * * LOW HITPOINT WARNING * * *
The rat barely misses you. The hobgoblin closely misses you. The rat bites you.
You die...

## ##### #. #...# #.
#...# ##. #5..#
###### #..
##rh.####....###.#
#@.5.....)##......
###g......###......
....................
#.######....####.....
#....# ####>. #....#
#####.. #....#
#.....#
#########.....#
#......##.....#


You could see Natasha (confused), 2 crimson imps, a hobgoblin and a rat.

Vanquished Creatures
  An orc wizard (D:3)
  An orc priest (D:3)
  Terence (D:2)
  An adder (D:3)
  2 worms
  3 dart slugs
  4 giant geckos
  8 orcs (D:3)
  2 ball pythons (D:2)
  11 bats
  2 giant cockroaches (D:1)
  3 goblins
  5 hobgoblins
  2 jackals (D:2)
  3 kobolds
  A quokka (D:3)
  2 giant newts (D:1)
  5 rats
57 creatures vanquished.

Notes
Turn   | Place    | Note
--------------------------------------------------------------
     0 | D:1      | mopl the High Elf Enchanter began the quest for the Orb.
     0 | D:1      | Reached XP level 1. HP: 11/11 MP: 4/4
  1007 | D:1      | Reached XP level 2. HP: 15/17 MP: 6/6
  1011 | D:1      | Learned a level 2 spell: Ensorcelled Hibernation
  1326 | D:1      | Reached skill level 4 in Stealth
  1552 | D:2      | Reached XP level 3. HP: 19/21 MP: 5/8
  1557 | D:2      | Learned a level 3 spell: Confuse
  1746 | D:2      | Noticed Terence
  1769 | D:2      | Killed Terence
  1769 | D:2      | Reached skill level 3 in Spellcasting
  1960 | D:2      | Reached XP level 4. HP: 26/27 MP: 9/9
  1980 | D:2      | Learned a level 3 spell: Tukima's Dance
  2037 | D:2      | Reached skill level 1 in Ice Magic
  2813 | D:3      | Reached skill level 2 in Short Blades
  2813 | D:3      | Reached XP level 5. HP: 31/31 MP: 7/10
  2858 | D:3      | Reached skill level 5 in Stealth
  3176 | D:3      | Noticed Natasha
  3188 | D:3      | HP: 1/31 [Natasha (3)]
  3188 | D:3      | Slain by a rat

Skill      XL: |  1  2  3  4  5 |
---------------+----------------+-----
Stealth        | 4 5 |  5.1
Spellcasting   | 3 |  3.3
Ice Magic      | 1 |  1.2
Short Blades   | 2 |  2.0
Throwing       | |  0.6
Dodging        | |  2.1
Hexes          | |  3.9

Action                   |  1- 3 |  4- 6 || total
-------------------------+-------+-------++-------
Melee: Dagger            |   129 |   125 ||   254
Throw: Javelin           |       |     3 ||     3
 Cast: Corona            |     4 |       ||     4
       Ensorcelled Hiber |     3 |    17 ||    20
       Confuse           |     1 |     1 ||     2
 Stab: Sleeping          |     9 |    13 ||    22
       Confused          |     1 |       ||     1
  Eat: Chunk             |     4 |     4 ||     8
Armor: Robe              |    36 |    12 ||    48
Dodge: Dodged            |    74 |    86 ||   160
